[Event "*** Titled Tuesday Blitz"]
[Site "Chess.com"]
[Date "2021.02.16"]
[Round "9"]
[White "dosto07"]
[Black "Nemsko"]
[Result "0-1"]
[WhiteElo "2415"]
[BlackElo "2341"]
[TimeControl "180+1"]
[EndTime "11:47:38 PST"]
[Termination "Nemsko won on time"]

1. e4 e5 2. Nf3 Nc6 3. Bb5 a6 4. Ba4 Nf6 5. O-O Be7 6. d3 b5 7. Bb3 O-O 8. a4 b4 9. Re1 d6 10. Nbd2 Bg4 11. h3 Bh5 12. g4 Bg6 13. Nf1 Nd7 14.
Bd5 Ndb8 15. Ng3 Ra7 16. a5 Nd4 17. Nxd4 exd4 18. f4 c6 19. Bb3 h6 20. Qf3 Nd7 21.
Bd2 Nc5 22. Bxb4 Nxb3 23. cxb3 Rb7 24. Ba3 Rxb3 25. f5 Bh7 26. Rec1 c5 27. e5 Bg5 28. Re1 Be3+ 29. Rxe3 dxe3 30. Qxe3 dxe5 31. Qxc5 Re8 32. Qc4 Rxd3 33. Nh5 Rxh3 34. f6 Qd2 0-1

[Event "*** Titled Tuesday Blitz"]
[Site "Chess.com"]
[Date "2021.02.16"]
[Round "9"]
[White "Kaslask"]
[Black "noblerone"]
[Result "0-1"]
[WhiteElo "2255"]
[BlackElo "2398"]
[TimeControl "180+1"]
[EndTime "11:47:38 PST"]
[Termination "noblerone won by resignation"]

1. d4 d5 2. c4 c6 3. Nc3 Nf6 4. e3 a6 5. Qc2 b5 6. b3 Bg4 7. Bd3 e6 8. Nge2 Be7 9. O-O O-O 10. h3 Bh5 11. Nf4 Bg6 12. Nxg6 hxg6 13. a4 bxc4 14. bxc4 Nbd7 15. e4 dxe4 16. Nxe4 Rc8 17. c5 Nxe4 18. Bxe4 Nf6 19. Be3 Nd5 20. Bxd5 Qxd5 21. Rab1 Rb8 22. Rb6 Bf6 23. Rfb1 Ra8 24. Qb3 Qe4 25. Qc4 Rfd8 26. a5 Bxd4 27. Bxd4 Rxd4 28. Qf1 Rc4 29. Qd1 Rxc5 30.
Rb8+ Rxb8 31. Rxb8+ Kh7 32. Qd8 Rc1+ 33. Kh2 Qf4+ 0-1

[Event "*** Titled Tuesday Blitz"]
[Site "Chess.com"]
[Date "2021.02.16"]
[Round "9"]
[White "Problematique_99"]
[Black "elextranjero00"]
[Result "1/2-1/2"]
[WhiteElo "2477"]
[BlackElo "2629"]
[TimeControl "180+1"]
[EndTime "11:47:39 PST"]
[Termination "Game drawn by agreement"]

1. e4 e5 2. Nc3 Nf6 3. g3 Nc6 4. Bg2 Bc5 5. d3 d6 6. Nf3 a6 7. O-O h6 8. h3 Be6 9. Be3 O-O 10.
d4 exd4 11. Nxd4 Nxd4 12. Bxd4 Bxd4 13. Qxd4 Nd7 14. f4 f6 15. Rad1 Qb8 16. Nd5 Re8 17.
c4 b5 18. Rc1 c5 19. Qd2 bxc4 20. Rxc4 Nb6 21. Rc3 Nxd5 22. exd5 Bf5 23. Rb3 Qa7 24.
Qf2 Re7 25. Re3 Rae8 26. Rfe1 Kf8 27. g4 Rxe3 28. Rxe3 Rxe3 29. Qxe3 Bd7 30. Bf1 Qb6 31. b3 a5 32. a4 Qd8 33. Bc4 Qe7 34. Kf2 Qxe3+ 35.
Kxe3 g5 36. f5 Ke7 37. Kd3 Kd8 38. Ba6 Kc7 39. Bc4 Kb6 40. Kc3 Be8 1/2-1/2

[Event "*** Titled Tuesday Blitz"]
[Site "Chess.com"]
[Date "2021.02.16"]
[Round "9"]
[White "hypert"]
[Black "MaxLeto"]
[Result "0-1"]
[WhiteElo "2498"]
[BlackElo "2366"]
[TimeControl "180+1"]
[EndTime "11:47:39 PST"]
[Termination "MaxLeto won by resignation"]

1. e4 c5 2. Nc3 d6 3. Nf3 Nf6 4. d4 cxd4 5. Nxd4 a6 6. Bd3 e6 7. f4 Be7 8. Qe2 O-O 9. Nb3 b5 10. e5 dxe5 11. fxe5 Nd5 12. Nxd5 exd5 13. Bf4 Nc6 14.
O-O-O Be6 15. h4 b4 16. g4 a5 17. Kb1 a4 18. Nc1 Qb6 19. Be3 d4 20. Bg5 Bc5 21. Qe4 g6 22. Bf6 b3 23. cxb3 axb3 24. axb3 Nb4 25. Bc4 Qa5 26. Na2 Qxa2+ 27. Kc1 Qa1+ 28.
Qb1 d3 29. Bxe6 Be3+ 0-1

[Event "*** Titled Tuesday Blitz"]
[Site "Chess.com"]
[Date "2021.02.16"]
[Round "9"]
[White "IceBelka"]
[Black "MasterMK73"]
[Result "1-0"]
[WhiteElo "2402"]
[BlackElo "2269"]
[TimeControl "180+1"]
[EndTime "11:47:39 PST"]
[Termination "IceBelka won by resignation"]

1. e4 c5 2. Nf3 a6 3. c4 e6 4. Nc3 Qc7 5. d4 cxd4 6. Nxd4 Nf6 7. Bd3 b6 8. O-O Bb7 9. Qe2 d6 10. f4 Nbd7 11. Bd2 Be7 12. Rae1 Qc5 13. Be3 Qh5 14. Rf3 Nc5 15. Bf2 O-O-O 16. Bb1 g5 17. b4 g4 18. Rg3 Ncd7 19. e5 dxe5 20. fxe5 Bxb4 21. exf6 Nxf6 22. a3 Bc5 23. Nb3 Qg5 24.
Nxc5 bxc5 25. Ne4 Nxe4 26. Bxe4 Rd2 27. Bxb7+ Kxb7 28. Qe4+ Kc7 29. Rb3 Rb8 30. Bg3+ Kd7 31. Rxb8 1-0

[Event "*** Titled Tuesday Blitz"]
[Site "Chess.com"]
[Date "2021.02.16"]
[Round "9"]
[White "Hikaru"]
[Black "attack2mateU"]
[Result "1-0"]
[WhiteElo "3185"]
[BlackElo "2737"]
[TimeControl "180+1"]
[EndTime "11:47:40 PST"]
[Termination "Hikaru won by resignation"]

1. e4 c5 2. d4 cxd4 3. c3 dxc3 4. Nxc3 Nc6 5. Nf3 e6 6. Bc4 Bb4 7. O-O Nge7 8. e5 d5 9. exd6 Qxd6 10. Nb5 Qxd1 11. Rxd1 O-O 12. Nc7 Rb8 13. Bf4 Ng6 14. Bg3 e5 15. a3 Ba5 16. Nb5 Bg4 17. Bd5 Nge7 18. h3 Bh5 19. Ba2 Rbd8 20. Rxd8 Rxd8 21. Nxe5 Nxe5 22. Bxe5 Nc6 23. Bf4 a6 24. Nd6 g5 25.
Bg3 Bc7 26. Nxf7 Bxf7 27. Bxc7 Rd2 28. Bxf7+ Kxf7 29. b4 Nd4 30. Be5 Ne2+ 31. Kf1 Ke6 32. Re1 Kxe5 33. Rxe2+ Rxe2 34. Kxe2 Kd4 35. g3 h5 36. f3 b5 37. h4 gxh4 38. gxh4 Kc4 39. Ke3 Kb3 40. f4 Kxa3 41. f5 a5 42. bxa5 1-0

[Event "*** Titled Tuesday Blitz"]
[Site "Chess.com"]
[Date "2021.02.16"]
[Round "9"]
[White "noamapplesauce"]
[Black "davigator"]
[Result "0-1"]
[WhiteElo "2140"]
[BlackElo "2368"]
[TimeControl "180+1"]
[EndTime "11:47:40 PST"]
[Termination "davigator won on time"]

1. e4 c5 2. Nf3 Nc6 3. d3 g6 4. g3 Bg7 5. Bg2 d6 6. O-O e6 7. c3 Nge7 8. Be3 O-O 9. d4 b6 10. d5 Ne5 11. Nxe5 dxe5 12. c4 Ba6 13.
Qc2 exd5 14. exd5 Qd6 15. Nc3 f5 16. Qa4 Bb7 17. Nb5 Qb8 18. Bg5 Nc8 19. Rae1 a6 20. Nc3 h6 21. Bd2 Nd6 22. f4 e4 23. Qb3 Qc7 24. Nd1 Bc8 25. Bc3 b5 26. cxb5 axb5 27. Be5 Bd7 28. Qc3 Rf7 29. a3 Bf8 30. Ne3 Qb6 31. g4 fxg4 32. Nxg4 Bxg4 33. Kh1 Bf5 34. Re3 b4 35. Qc1 Nc4 36. Qxc4 Qa6 37. Qxa6 Rxa6 38. axb4 cxb4 39. Bxe4 Ra5 40. Bxf5 gxf5 41.
Rg1+ Kh7 42. Rd3 Rd7 43. d6 Ra6 44. Rd5 Rc6 45. Rgd1 Kg6 46. R1d4 Rb6 47. Rc4 Kf7 48. Rc8 Bxd6 49. Rh8 Kg6 50. Rg8+ Kf7 51. Rg7+ Ke6 52.
Rxd7 Kxd7 0-1

[Event "*** Titled Tuesday Blitz"]
[Site "Chess.com"]
[Date "2021.02.16"]
[Round "9"]
[White "PSvidler"]
[Black "German_Bazeev"]
[Result "1-0"]
[WhiteElo "2916"]
[BlackElo "2739"]
[TimeControl "180+1"]
[EndTime "11:47:42 PST"]
[Termination "PSvidler won by resignation"]

1. e4 c6 2. d4 d5 3. e5 Na6 4. Nf3 Nc7 5. Bd3 g6 6. O-O Bg7 7. h3 Nh6 8. Re1 O-O 9. c4 f6 10. exf6 exf6 11. Nc3 Nf7 12. Bf4 dxc4 13. Bxc4 b5 14.
Bb3 b4 15. Ne4 Nd5 16. Bd2 Bf5 17. Rc1 Re8 18. Ng3 Rxe1+ 19. Qxe1 Bd7 20. Bxb4 Qb6 21. Bc5 Qa6 22. Qf1 Qxf1+ 23. Kxf1 f5 24. Ne2 Bh6 25. Rc2 a5 26. Nc3 Be6 27. Nxd5 Bxd5 28. Bxd5 cxd5 29.
b3 Bg7 30. Re2 Bf8 31. Bxf8 Kxf8 32. Rc2 a4 33. b4 a3 34. Ne1 Nd6 35. Nd3 Nc4 36.
Nf4 Nb2 37. Nxd5 Rd8 38. Nc7 Ke7 39. d5 Kd6 40. Rc6+ Ke5 41. b5 Nd3 42. Rc4 Rb8 43. Rc3 Nf4 44. Rxa3 Kd6 45. Rc3 1-0

[Event "*** Titled Tuesday Blitz"]
[Site "Chess.com"]
[Date "2021.02.16"]
[Round "9"]
[White "ehrenfeld"]
[Black "VladimirBugayev"]
[Result "1-0"]
[WhiteElo "2474"]
[BlackElo "2300"]
[TimeControl "180+1"]
[EndTime "11:47:42 PST"]
[Termination "ehrenfeld won by resignation"]

1. e4 c6 2. d4 d5 3. exd5 cxd5 4. Bd3 Nc6 5. c3 Nf6 6. Bf4 Bg4 7. Qb3 Qd7 8. Nd2 e6 9. Ngf3 Bd6 10. Ne5 Bxe5 11.
dxe5 Ng8 12. O-O Nge7 13. Rfe1 O-O 14. Bf1 a6 15. a4 Rfc8 16. h3 Bh5 17. a5 Qc7 18.
Qa4 Ng6 19. Bg3 Ngxe5 20. Kh1 f6 21. f4 Ng6 22. Rxe6 Re8 23. Rae1 Rxe6 24. Rxe6 Qxa5 25. Qxa5 Nxa5 26. f5 Nf8 27. Re7 Re8 28. Rc7 Re3 29. Bd6 Re8 30. b4 Nc6 31. Rxb7 d4 32. Bc4+ Kh8 33. cxd4 Nxd4 34. g4 Nxf5 35. gxf5 Rd8 36. Rb8 Rxb8 37. Bxb8 Nd7 38. Bc7 Ne5 39. Bxe5 fxe5 40.
Bxa6 e4 41. Kg1 e3 42. Nb3 Bf7 43. Nd4 Bd5 44. Kf1 Kg8 45. Ke2 1-0

[Event "*** Titled Tuesday Blitz"]
[Site "Chess.com"]
[Date "2021.02.16"]
[Round "9"]
[White "Pelopidass"]
[Black "Harry_Rakkel"]
[Result "1/2-1/2"]
[WhiteElo "2601"]
[BlackElo "2686"]
[TimeControl "180+1"]
[EndTime "11:47:43 PST"]
[Termination "Game drawn by repetition"]

1. e4 c5 2. b4 cxb4 3. a3 e6 4. axb4 Bxb4 5. c3 Be7 6. d4 Nf6 7. Bd3 d5 8. e5 Nfd7 9. Qg4 g6 10. Ne2 Nc6 11. Bh6 Nb6 12. Nd2 Bd7 13. O-O Qc7 14. Rfc1 a6 15. Rab1 Na5 16. h4 Nac4 17. Nf3 O-O-O 18.
Qf4 Ba3 19. Re1 Bb5 20. Ng5 Rd7 21. Bg7 Rg8 22. Bf6 h5 23. Rb3 Ba4 24. Rbb1 Bb2 25. Nf3 Kb8 26. Nd2 Ba3 27. Ra1 Bb2 28. Rab1 Ba3 29.
Ra1 Bb2 30. Rab1 1/2-1/2

[Event "*** Titled Tuesday Blitz"]
[Site "Chess.com"]
[Date "2021.02.16"]
[Round "9"]
[White "ErikBlomqvist"]
[Black "Nils_03"]
[Result "1-0"]
[WhiteElo "2524"]
[BlackElo "2353"]
[TimeControl "180+1"]
[EndTime "11:47:44 PST"]
[Termination "ErikBlomqvist won on time"]

1. e4 c6 2. d4 d5 3. exd5 cxd5 4. Bd3 Nc6 5. c3 Nf6 6. h3 g6 7. Nf3 Bf5 8. Be2 Bg7 9. O-O O-O 10. Bf4 Qb6 11. Qb3 Qxb3 12. axb3 a5 13. Na3 Ne4 14. Nb5 Rfd8 15. Rfe1 h6 16. g4 Bd7 17.
Nc7 Rac8 18. Nxd5 Be6 19. Nb6 Bxb3 20. Bd1 Bxd1 21. Raxd1 e5 22. Nxc8 exf4 23. Rxe4 Rxc8 24. Rxf4 a4 25. Re4 Na5 26. Rde1 Kf8 27. Ne5 Bxe5 28. dxe5 a3 29. bxa3 Rxc3 30. e6 Rxa3 31. exf7 Nc6 32. Rb1 Kxf7 33. Rxb7+ Kf6 34. Rb6 Rc3 35. f4 Kf7 36.
Kf2 Nd8 37. Re3 Rc2+ 38. Kg3 Rc1 39. Ra3 Rg1+ 40. Kf2 Rd1 41. Ra7+ Kf8 42. Rxg6 Nf7 43. Rf6 1-0

[Event "*** Titled Tuesday Blitz"]
[Site "Chess.com"]
[Date "2021.02.16"]
[Round "9"]
[White "markowskitomasz"]
[Black "MrTattaglia"]
[Result "0-1"]
[WhiteElo "2613"]
[BlackElo "2762"]
[TimeControl "180+1"]
[EndTime "11:47:45 PST"]
[Termination "MrTattaglia won on time"]

1. d4 Nf6 2. c4 e6 3. g3 Bb4+ 4. Bd2 c5 5. Bxb4 cxb4 6. Bg2 O-O 7. Nf3 a5 8. O-O d6 9. Nbd2 Nc6 10. Rc1 a4 11. e4 e5 12. d5 Nb8 13. c5 dxc5 14.
Nxe5 b6 15. Nec4 Bb7 16. Re1 b5 17. Ne5 c4 18. Ng4 Nbd7 19. f4 Nxg4 20. Qxg4 Qb6+ 21. Kh1 f5 22. exf5 Nf6 23. Qe2 Rae8 24. Qf1 Bxd5 25. Nf3 Ng4 26. h3 Ne3 27. Qf2 Nxg2 28. Qxb6 Nxe1 29.
Qxb5 Bxf3+ 30. Kg1 c3 31. Qxb4 c2 32. Rxe1 Rxe1+ 33. Qxe1 Rd8 34. Kf2 Be4 35. Qc3 Bxf5 36. g4 Rc8 37.
Qd4 c1=Q 38. Qd5+ Be6 0-1

[Event "*** Titled Tuesday Blitz"]
[Site "Chess.com"]
[Date "2021.02.16"]
[Round "9"]
[White "MagzyPotato"]
[Black "Sir_Frankie_Crisp"]
[Result "1-0"]
[WhiteElo "2404"]
[BlackElo "2243"]
[TimeControl "180+1"]
[EndTime "11:47:45 PST"]
[Termination "MagzyPotato won by resignation"]

1. d4 Nf6 2. c4 c5 3. d5 b5 4.
cxb5 a6 5. e3 Bb7 6. Nc3 axb5 7.
Bxb5 Qa5 8. Bd2 Qb6 9. a4 Nxd5 10. Nf3 Nf6 11. O-O e6 12. Re1 Be7 13. e4 O-O 14. e5 Nd5 15. Nxd5 Bxd5 16. Bd3 h6 17. Qc1 Bxf3 18. gxf3 Nc6 19. Kh1 Nd4 20. Be4 Nb3 21. Qc2 Nxa1 22. Rxa1 Rab8 23. Rg1 Kh8 24. Qd3 d5 25.
exd6 Qxd6 26. Bc3 Rg8 27. Qe3 e5 28. Bc2 Rbd8 29. Qe4 1-0

[Event "*** Titled Tuesday Blitz"]
[Site "Chess.com"]
[Date "2021.02.16"]
[Round "9"]
[White "kleopl"]
[Black "TimKett"]
[Result "1-0"]
[WhiteElo "2469"]
[BlackElo "2239"]
[TimeControl "180+1"]
[EndTime "11:47:46 PST"]
[Termination "kleopl won on time"]

1. c4 e5 2. Nc3 Bb4 3. Nd5 Be7 4. Nf3 c6 5. Nc3 d6 6. d4 Nd7 7. e4 exd4 8. Nxd4 Ngf6 9. Nf5 O-O 10. Nxd6 Bxd6 11.
Qxd6 Re8 12. Bd3 Nxe4 13. Nxe4 f5 14. O-O fxe4 15. Bc2 Qf6 16. Qxf6 Nxf6 17. Re1 Bf5 18. Bg5 Bg6 19. Rad1 Rad8 20. Kf1 Rxd1 21. Rxd1 Re5 22. Bxf6 gxf6 23. Rd7 b5 24. cxb5 cxb5 25. Rxa7 Rc5 26.
Bb3+ Kf8 27. Ke2 f5 28. Rb7 f4 29. g3 Bh5+ 30. Kd2 e3+ 31. fxe3 f3 32. Ke1 Rc1+ 33. Kf2 Rb1 34. Rc7 Rxb2+ 35. Rc2 Rb1 36. Bd5 Rh1 37. Bxf3 Rxh2+ 38. Bg2 Bg4 39. Rc7 Bh3 40. Rxh7 Rxg2+ 41. Kf3 Rxa2 42. Rxh3 1-0

[Event "*** Titled Tuesday Blitz"]
[Site "Chess.com"]
[Date "2021.02.16"]
[Round "9"]
[White "GelmanAlexander"]
[Black "shaheus"]
[Result "0-1"]
[WhiteElo "2575"]
[BlackElo "2431"]
[TimeControl "180+1"]
[EndTime "11:47:47 PST"]
[Termination "shaheus won by checkmate"]

1. d4 Nf6 2. Nc3 d5 3. Bf4 c6 4. f3 g6 5. e4 Bg7 6. Qd2 O-O 7. e5 Ne8 8. h4 c5 9. dxc5 d4 10. Ne4 Nc6 11. h5 Nxe5 12. hxg6 fxg6 13. O-O-O d3 14. Bxd3 Nxd3+ 15. cxd3 Be6 16. Bh6 Bxa2 17. Bxg7 Nxg7 18. Qh6 Nh5 19. Ng5 Rf7 20. Nxf7 Bxf7 21. Nh3 Qa5 22. Nf4 Qxc5+ 23. Kb1 Qa5 24. Ne2 Rc8 25. Qd2 Qa2# 0-1

[Event "*** Titled Tuesday Blitz"]
[Site "Chess.com"]
[Date "2021.02.16"]
[Round "9"]
[White "tylityli"]
[Black "abeljusto"]
[Result "0-1"]
[WhiteElo "2197"]
[BlackElo "2043"]
[TimeControl "180+1"]
[EndTime "11:47:47 PST"]
[Termination "abeljusto won on time"]

1. d4 Nf6 2. c4 c5 3. d5 b5 4. Nd2 g6 5. b3 Bg7 6. Bb2 O-O 7. e4 d6 8. cxb5 a6 9. Ngf3 Qa5 10. a4 Nxe4 11. Bxg7 Kxg7 12. Bd3 Nc3 13. Qc2 axb5 14. O-O bxa4 15. bxa4 Nxd5 16. Be4 Bb7 17. Rab1 Bc6 18. Nc4 Qc7 19. a5 Nf6 20. Bxc6 Qxc6 21.
Rb6 Qc7 22. Rfb1 Nc6 23. a6 Nb4 24. Qa4 Rfb8 25. Rxb8 Qxb8 26. h3 Qc7 27. Nfd2 Rxa6 28. Qb5 Ra2 29. Nf3 Qd7 30. Qb8 Qf5 31. Ne3 Qxb1+ 32.
Kh2 Rxf2 0-1

[Event "*** Titled Tuesday Blitz"]
[Site "Chess.com"]
[Date "2021.02.16"]
[Round "9"]
[White "Msb2"]
[Black "frederiksvane"]
[Result "1-0"]
[WhiteElo "2866"]
[BlackElo "2711"]
[TimeControl "180+1"]
[EndTime "11:47:48 PST"]
[Termination "Msb2 won by resignation"]

1. d4 Nf6 2. Nf3 e6 3. e3 b6 4.
Bd3 Bb7 5. O-O g6 6. c4 Bg7 7. Nc3 d5 8. cxd5 Nxd5 9. Nxd5 exd5 10. b3 O-O 11. Ba3 Re8 12. Rc1 Nd7 13. Bb5 Re6 14.
Ng5 Rf6 15. Qg4 c6 16. Bd3 h6 17. Nf3 Re6 18. Rc2 Nf6 19. Qh4 Ne4 20. Qxd8+ Rxd8 21. Rfc1 Rde8 22. Bb2 Nd6 23. Ne5 c5 24. dxc5 bxc5 25.
Nd7 c4 26. bxc4 dxc4 27. Bf1 Be4 28. Bxg7 Kxg7 29. Bxc4 Bxc2 30. Bxe6 Ba4 31. Bh3 f5 32. Nc5 Rc8 33. g4 Kf6 34. gxf5 gxf5 35. Ne4+ fxe4 36. Bxc8 1-0

[Event "*** Titled Tuesday Blitz"]
[Site "Chess.com"]
[Date "2021.02.16"]
[Round "9"]
[White "CroissantNeuf"]
[Black "LEGENYA1998"]
[Result "1-0"]
[WhiteElo "2477"]
[BlackElo "2305"]
[TimeControl "180+1"]
[EndTime "11:47:49 PST"]
[Termination "CroissantNeuf won by resignation"]

1. e4 e6 2. d4 d5 3. Nc3 Bb4 4. e5 c5 5. a3 Bxc3+ 6. bxc3 Ne7 7. Qg4 Qc7 8. Bd2 cxd4 9. cxd4 Nbc6 10. Nf3 Nf5 11.
Bd3 h5 12. Qf4 g6 13. O-O Bd7 14. c3 Na5 15. Qg5 Qd8 16. Rab1 Qxg5 17. Bxg5 b6 18.
Bf6 Rg8 19. Ng5 Nc4 20. Bxc4 dxc4 21. Nh7 Bc6 22. Bg5 Rh8 23. Nf6+ Kf8 24. f3 Ne7 25.
Rb4 b5 26. a4 a6 27. Ra1 a5 28.
Rbb1 bxa4 29. Rb6 Bd5 30. Rab1 Kg7 31. Nd7 Kh7 32. Bxe7 Rhc8 33. Nf6+ Kg7 34. Bc5 a3 35. Nxd5 exd5 36. Bxa3 1-0

[Event "*** Titled Tuesday Blitz"]
[Site "Chess.com"]
[Date "2021.02.16"]
[Round "9"]
[White "OriTaichman"]
[Black "NovikovaGalina"]
[Result "1-0"]
[WhiteElo "2543"]
[BlackElo "2399"]
[TimeControl "180+1"]
[EndTime "11:47:51 PST"]
[Termination "OriTaichman won by resignation"]

1. e4 e6 2. d4 d5 3. Nc3 Bb4 4. e5 c5 5. Bd2 Ne7 6. dxc5 Bxc5 7. Qg4 Nf5 8. O-O-O h5 9. Qh3 Nc6 10. g4 Nfe7 11.
gxh5 Nxe5 12. Qg3 N5c6 13. Qxg7 Rg8 14. Qh7 Bd7 15. Nf3 Qc7 16. Ng5 O-O-O 17. Nxf7 Rdf8 18. Bh6 Re8 19. Nb5 Qa5 20. Kb1 Nf5 21. Bd3 Kb8 22.
Bf4+ Ka8 23. Nc7+ Kb8 24. Bxf5 e5 25. Bxd7 Qxc7 26. Bxe8 exf4 27. Qxg8 Qd8 28. Nxd8 Nxd8 1-0

[Event "*** Titled Tuesday Blitz"]
[Site "Chess.com"]
[Date "2021.02.16"]
[Round "9"]
[White "mr65"]
[Black "NemtsevIgor"]
[Result "0-1"]
[WhiteElo "2138"]
[BlackElo "2368"]
[TimeControl "180+1"]
[EndTime "11:47:51 PST"]
[Termination "NemtsevIgor won by resignation"]

1. e4 c6 2. d4 d5 3. e5 c5 4. dxc5 Nc6 5. f4 e6 6. Nf3 Bxc5 7. Bd3 Nge7 8. Qe2 g6 9. c3 a6 10. Be3 Qb6 11. Bxc5 Qxc5 12. Qf2 Qxf2+ 13. Kxf2 b5 14. a4 b4 15. Nbd2 bxc3 16. bxc3 O-O 17. Rab1 Nf5 18. Bxf5 gxf5 19. Nd4 Nxd4 20. cxd4 Bd7 21. a5 Bb5 22. Nb3 Bd3 23. Rbc1 Rab8 24. Rc3 Bc4 25. Nc5 Rb2+ 26. Kf3 Ra2 27. Nd7 Rd8 28. Nf6+ Kg7 29. Kg3 Rxa5 30.
Kh3 Ra2 31. Rg3+ Kf8 32. Rb1 Bb5 33. Rc1 Bc4 34. Rb1 Bb5 35. Rc3 Kg7 36. Rbb3 Rd2 37. Rg3+ Kf8 38. Rbc3 Bc4 39. Rc1 Rxd4 40. Nxh7+ Ke7 41.
Nf6 Rh8+ 0-1

[Event "*** Titled Tuesday Blitz"]
[Site "Chess.com"]
[Date "2021.02.16"]
[Round "9"]
[White "Mr_Heisenberg13"]
[Black "Moultino06"]
[Result "1-0"]
[WhiteElo "2701"]
[BlackElo "2503"]
[TimeControl "180+1"]
[EndTime "11:47:52 PST"]
[Termination "Mr_Heisenberg13 won by resignation"]

1. e4 Nc6 2. Nf3 d6 3. d4 Nf6 4.
Nc3 g6 5. Be2 Bg7 6. O-O O-O 7.
Be3 Ng4 8. Bg5 h6 9. Bh4 Nf6 10. h3 Nh5 11. d5 Nb8 12. Nd4 Nf4 13. Bc4 c5 14. dxc6 Nxc6 15. Nxc6 bxc6 16. Bg3 Ne6 17. Bb3 Nc5 18. Qe2 Ba6 19. Bc4 Qb6 20. Rab1 Rab8 21. Kh2 Bxc4 22. Qxc4 Qb4 23. Qe2 Bxc3 24. bxc3 Qxe4 25.
Qd2 Qc4 26. Qxh6 Qxc3 27. Rbe1 Rbe8 28. Bh4 Ne6 29. f4 Qg7 30. Qxg7+ Kxg7 31. f5 gxf5 32.
Rxf5 Kg6 33. Ra5 Ra8 34. Bxe7 Rfe8 35. Bxd6 Nd4 36. Rxe8 Rxe8 37. Rxa7 Nxc2 38. Ra6 Re6 39. Bc5 Ne1 40. Ra3 Re2 41. Re3 Rxe3 42. Bxe3 Nc2 43. Bc5 Kf5 44. a4 Ke4 45. a5 Kd5 46. a6 1-0

[Event "*** Titled Tuesday Blitz"]
[Site "Chess.com"]
[Date "2021.02.16"]
[Round "9"]
[White "AliKa2810"]
[Black "ajdemipopushi"]
[Result "1-0"]
[WhiteElo "2548"]
[BlackElo "2372"]
[TimeControl "180+1"]
[EndTime "11:47:52 PST"]
[Termination "AliKa2810 won on time"]

1. d4 Nf6 2. c4 c5 3. d5 b5 4.
cxb5 a6 5. bxa6 Bxa6 6. Nc3 g6 7. Nf3 Bg7 8. e4 Bxf1 9. Kxf1 d6 10. g3 O-O 11. Kg2 Nbd7 12. a4 Ra6 13. Qc2 Qa8 14. Ra3 e6 15. Nb5 exd5 16. Nc7 Qb7 17. Nxa6 dxe4 18.
Ng5 h6 19. Nc7 hxg5 20. Nb5 d5 21. Bxg5 d4 22. Bxf6 Bxf6 23. Nd6 Qd5 24. Nxe4 Re8 25. f3 Bg7 26. Rc1 Bf8 27. Qc4 Qxc4 28. Rxc4 f5 29. Nf2 Re2 30. Kf1 Rxb2 31. Nd3 Rxh2 32. a5 Rd2 33. a6 Nb6 34. a7 Nxc4 35. a8=Q Nxa3 36. Ne5 1-0

[Event "*** Titled Tuesday Blitz"]
[Site "Chess.com"]
[Date "2021.02.16"]
[Round "9"]
[White "LuisFSiles"]
[Black "Atco84"]
[Result "0-1"]
[WhiteElo "2297"]
[BlackElo "2438"]
[TimeControl "180+1"]
[EndTime "11:47:52 PST"]
[Termination "Atco84 won by checkmate"]

1. e4 c5 2. Nf3 d6 3. d4 cxd4 4. Nxd4 Nf6 5. Nc3 a6 6. Be3 e5 7. Nf3 Qc7 8. a4 b6 9. Nd2 Be6 10. f3 Be7 11. g4 O-O 12. g5 Nfd7 13. Nd5 Bxd5 14. exd5 f5 15. gxf6 Nxf6 16. Bh3 Kh8 17. Be6 Nbd7 18. O-O Nc5 19. c4 Nxe6 20. dxe6 Qc8 21.
Bxb6 Qxe6 22. b3 d5 23. c5 Nh5 24. Kh1 Bg5 25. b4 Rf4 26. b5 Rh4 27. Qe1 Qh3 28.
Rf2 Ng3+ 29. Kg1 Bf4 30. Rg2 Nf5 31. Nf1 Nd4 32. Ra3 Nxf3+ 33. Rxf3 Qxf3 34. Qxh4 axb5 35. axb5 h6 36. c6 Ra1 37. Qg4 Qxf1# 0-1

[Event "*** Titled Tuesday Blitz"]
[Site "Chess.com"]
[Date "2021.02.16"]
[Round "9"]
[White "Chopper1905"]
[Black "RD4ever"]
[Result "0-1"]
[WhiteElo "2935"]
[BlackElo "2885"]
[TimeControl "180+1"]
[EndTime "11:47:54 PST"]
[Termination "RD4ever won by checkmate"]

1. d4 d5 2. c4 e6 3. Nc3 c5 4. cxd5 exd5 5. Nf3 Nc6 6. g3 Nf6 7. Bg2 cxd4 8. Nxd4 Bc5 9. Nxc6 bxc6 10. O-O O-O 11. Na4 Bb6 12. Qc2 Ba6 13. Nxb6 Qxb6 14. Bg5 Rfe8 15. Bf3 Re6 16. Rfe1 Rae8 17. Rac1 Ne4 18.
Bxe4 Rxe4 19. Qxc6 Qxc6 20. Rxc6 Bxe2 21. Rec1 h6 22.
Bd2 Kh7 23. Rc7 Bh5 24. Rxa7 d4 25. Rd7 Bg4 26. Rxf7 Re2 27. Rcc7 Rg8 28. Rf4 Bh3 29. Rxd4 Rf8 30. Bc3 Rexf2 31. Rxg7+ Kh8 32. Rf4 Rf1+ 33. Rxf1 Rxf1# 0-1

[Event "*** Titled Tuesday Blitz"]
[Site "Chess.com"]
[Date "2021.02.16"]
[Round "9"]
[White "Goryachkina"]
[Black "GameOverBro"]
[Result "1-0"]
[WhiteElo "2644"]
[BlackElo "2430"]
[TimeControl "180+1"]
[EndTime "11:47:56 PST"]
[Termination "Goryachkina won by resignation"]

1. e4 d6 2. d4 Nf6 3. Nc3 e5 4. Nf3 Nbd7 5. Bc4 Be7 6. O-O c6 7. a4 h6 8. Re1 Qc7 9. h3 Nf8 10. Nh4 Ne6 11. Nf5 O-O 12. Ba2 Ng5 13. Bxg5 hxg5 14. dxe5 dxe5 15. Qf3 g6 16. Ne3 Kg7 17. Rad1 Rh8 18. Rd3 Rh4 19. Red1 Bc5 20. Qxf6+ Kxf6 21. Ncd5+ cxd5 22. Nxd5+ Kg7 23. Nxc7 Rb8 24. Rd8 Rxe4 25. Ne8+ Kh6 26. Nd6 Bxd6 27. R1xd6 Rf4 28. f3 b6 29. Bd5 Rd4 30. c4 f5 31. Rh8+ Kg7 32. Rdd8 e4 33. fxe4 fxe4 34. Rxc8 Rxc8 35. Rxc8 e3 36. Kf1 Rd2 37. Re8 Rf2+ 38. Ke1 Rxb2 39. Rxe3 Ra2 40. Re7+ Kf6 41. Rxa7 g4 42. hxg4 Kg5 43. a5 Ra1+ 44. Kd2 Ra2+ 45. Ke3 Ra3+ 46. Kd4 Kxg4 47. axb6 1-0

[Event "*** Titled Tuesday Blitz"]
[Site "Chess.com"]
[Date "2021.02.16"]
[Round "9"]
[White "FMJoseHerrera"]
[Black "profofchess"]
[Result "1-0"]
[WhiteElo "2599"]
[BlackElo "2442"]
[TimeControl "180+1"]
[EndTime "11:47:59 PST"]
[Termination "FMJoseHerrera won by resignation"]

1. Nf3 Nc6 2. g3 d5 3. Bg2 Bg4 4. O-O Nf6 5. c4 d4 6. b4 d3 7. e3 Ne5 8. Qa4+ Bd7 9. Qb3 Nxf3+ 10. Bxf3 Bc6 11. Bxc6+ bxc6 12. a4 e5 13. Bb2 e4 14.
Bxf6 Qxf6 15. Nc3 Qg6 16. c5 Be7 17. Qc4 Bf6 18. Qa6 Bxc3 19. dxc3 O-O 20. Rad1 h5 21. h4 Qf6 22. b5 cxb5 23. Qxf6 gxf6 24. axb5 a6 25.
bxa6 Rxa6 26. f3 f5 27. fxe4 fxe4 28. Rf5 Re8 29. Rxh5 Ra3 30. Rg5+ Kf8 31. h5 Rxc3 32. h6 d2 33. h7 Ke7 34. Re5+ Kd7 35. Rxd2+ 1-0

[Event "*** Titled Tuesday Blitz"]
[Site "Chess.com"]
[Date "2021.02.16"]
[Round "9"]
[White "bazar-wokzal"]
[Black "Manukyan_Artak"]
[Result "0-1"]
[WhiteElo "2548"]
[BlackElo "2418"]
[TimeControl "180+1"]
[EndTime "11:47:59 PST"]
[Termination "Manukyan_Artak won by resignation"]

1. e4 c6 2. d4 d5 3. e5 Bf5 4.
Nc3 e6 5. g4 Bg6 6. Nge2 h5 7.
Nf4 Bh7 8. Nxh5 c5 9. dxc5 Nc6 10.
Bb5 Bxc5 11. Nxg7+ Kf8 12. Nh5 Nxe5 13. Qe2 Qh4 14. h3 Nxg4 15. Rf1 Nxf2 16. Rxf2 Bxf2+ 17.
Qxf2 Qxh5 18. Be3 Bf5 19. Kd2 Qh4 20. Qg1 Qxh3 21. Rf1 Qh2+ 22. Be2 Qxg1 23. Rxg1 Nf6 24. Bc5+ Ke8 25. Bd4 Ke7 26. Bc5+ Ke8 27. Nb5 Ne4+ 28.
Ke3 Nxc5 29. Nc7+ Ke7 30. Nxa8 Rxa8 31. c4 dxc4 32. Bxc4 Rh8 33. b4 Nd7 34. Bb5 Nb6 35. Rc1 Nd5+ 36. Kd4 Kd6 37. Rh1 Rxh1 0-1